 Dungeon Crawl Stone Soup version 0.18.1-48-g4cf74bf (webtiles) character file.

5873 KingGeedorah the Transmogrifier (level 10, -4/71 HPs)
             Began as a Red Draconian Transmuter on July 22, 2016.
             Was a Priest of Sif Muna.
             Slain by a hill giant
             ... wielding a cursed +0 giant club
              (26 damage)
             ... on level 10 of the Dungeon.
             The game lasted 00:23:16 (10610 turns).

KingGeedorah the Transmogrifier (DrTm)             Turns: 10610, Time: 00:23:17

Health: -4/71      AC:  9    Str: 12    XL:     10   Next: 52%
Magic:  17/19      EV: 12    Int: 15    God:    Sif Muna [***...]
Gold:   262        SH:  0    Dex: 16    Spells: 5 memorised, 4 levels left

rFire  + . .     SeeInvis .       - Unarmed
rCold  . . .     Gourm    .     (armour unavailable)
rNeg   + . .     Faith    .     (no shield)
rPois  .         Spirit   .     (helmet restricted)
rElec  .         Dismiss  .     k - +0 cloak
rCorr  .         Reflect  .     (no gloves)
SustAt .         Harm     .     t - +0 pair of boots
MR     .....                    (no amulet)
Stlth  +.........               z - ring of positive energy
                                h - +2 ring of intelligence

@: not resistant to hostile enchantments, very unstealthy
A: breathe fire, unfitting armour, fire resistance 1, cold-blooded, AC +7
a: Breathe Fire, Channel Energy, Renounce Religion


You were on level 10 of the Dungeon.
You worshipped Sif Muna.
Sif Muna was most pleased with you.
You were not hungry.

You visited 2 branches of the dungeon, and saw 11 of its levels.

You collected 640 gold pieces.
You spent 378 gold pieces at shops.

Inventory:

Missiles
 a - 160 arrows
Armour
 k - a +0 cloak (worn)
 t - a +0 pair of boots (worn)
Jewellery
 h - a +2 ring of intelligence (left hand)
 z - a ring of positive energy (right hand)
Wands
 m - a wand of digging (17/24)
 o - a wand of acid (5/15)
Scrolls
 l - 2 scrolls of magic mapping
 r - 3 scrolls of fear
 v - 11 scrolls of teleportation
 y - a scroll of fog
Potions
 d - a potion of mutation
 e - 4 potions of curing
 g - 4 potions of brilliance
 i - 2 potions of might
 j - 3 potions of agility
 p - 2 potions of haste
 q - 5 potions of heal wounds
Books
 b - a book of Changes

   Spells                             Type                      Level
   a - Beastly Appendage              Transmutation                1
   b - Sticks to Snakes               Transmutation                2
   c - Spider Form                    Transmutation/Poison         3
   d - Ice Form                       Ice/Transmutation            4
   e - Blade Hands                    Transmutation                5
 u - a book of Enchantments

   Spells                             Type                      Level
   a - Cause Fear                     Hexes                        4
   b - Yara's Violent Unravelling     Hexes/Transmutation          5
   c - Silence                        Hexes/Air                    5
   d - Deflect Missiles               Charms/Air                   6
   e - Haste                          Charms                       6
   f - Discord                        Hexes                        8
Comestibles
 c - 8 bread rations
 f - 7 fruits
 n - 4 meat rations
 s - a chunk of flesh
 w - a royal jelly


   Skills:
 - Level 1.1 Fighting
 - Level 1.7 Dodging
 - Level 7.1 Unarmed Combat
 - Level 6.0 Spellcasting
 + Level 3.4 Charms
 - Level 12.4 Transmutations


You had 4 spell levels left.
You knew the following spells:

 Your Spells              Type           Power        Failure   Level  Hunger
a - Beastly Appendage     Trmt           #####.       1%          1    None
b - Sticks to Snakes      Trmt           #####...     1%          2    #......
c - Spider Form           Trmt/Pois      ###.......   3%          3    ##.....
d - Blade Hands           Trmt           #####.....   2%          5    ######.
e - Haste                 Chrm           ##......     100%        6    #######


Dungeon Overview and Level Annotations

Branches:
Dungeon (10/15)            Temple (1/1) D:7            Lair (0/8) D:8
    Orc (0/2) D:9

Altars:
Ashenzari
Cheibriados
Dithmenos
Elyvilon
Gozag
Kikubaaqudgha
Makhleb
Nemelex Xobeh
Okawaru
Pakellas
Qazlal
Sif Muna
Trog
Yredelemnul
Zin
The Shining One

Shops:
D:10 *?


Innate Abilities, Weirdness & Mutations

You can breathe blasts of fire.
Your fiery red scales are hard (AC +7).
Your body does not fit into most forms of armour.
Your flesh is heat resistant.
You are cold-blooded and may be slowed by cold attacks.


Message History

Things that are here:
a giant spiked club; an ogre corpse You slash the hill giant!
The hill giant is moderately wounded.
The hill giant hits you with a giant club!!!
Ouch! That really hurt!
* * * LOW HITPOINT WARNING * * *
An orc priest comes into view. It is wielding a flail.
There is an open door here.
Casting: Blade Hands
Confirm with . or Enter, or press ? or * to list all spells.
You miscast Sticks to Snakes.
Sif Muna protects you from the effects of your miscast!
There is an open door here.
Your transformation is almost over.
There is an open door, spattered with blood here.
The orc priest casts a cantrip, but nothing happens.
Your hands revert to their normal proportions.
The hill giant hits you with a giant club!!
You die...

#.......# ###'### #...
#.......######.....#########...
#.....>.'...##....<'.......#...
#.......###..'.....#######.#.).
+.......# ####.....# #.'...
#.......# #>....# ###...
#.......# ####'## #...
#.......# ###...# #...
#####.### #.@.### ##'#
#######.#### ##C######### #..
#..........# #..........# ##'
#.....)....# #..........# .
#..........###..........#
+..........+.#..........#
#......[...#.#..........#
#..........#.#..........##.
#..........#..(...o........ .


You could see a hill giant.

Vanquished Creatures
  Pikel (D:9)
  An elephant (D:8)
  A gargoyle (D:10)
  A two-headed ogre (D:9)
  A wraith (D:9)
  A hill giant zombie (D:9)
  A yak (D:8)
  A hungry ghost (D:9)
  A warg (D:9)
  2 orc warriors
  4 ogres
  A black bear (D:7)
  A wasp (D:10)
  A phantom (D:7)
  An eye of draining (D:10)
  An ice beast (D:7)
  4 centaurs
  2 crocodiles (D:8)
  A giant frog (D:10)
  2 big kobolds
  A water moccasin zombie (D:7)
  A scorpion (D:6)
  A water moccasin skeleton (D:5)
  A troll zombie (D:9)
  3 jellies
  7 howler monkeys
  2 crimson imps
  2 quasits
  2 centaur zombies
  2 giant frog zombies (D:5)
  A wasp zombie (D:9)
  4 hounds
  4 orc priests
  Ijyb (D:2)
  Jessica (D:2)
  A giant frog skeleton (D:6)
  3 iguanas
  2 orc wizards
  10 worker ants
  6 ogre zombies (D:9)
  A hound zombie (D:8)
  2 worker ant zombies
  4 gnolls (D:5)
  9 adders
  3 shadow imps
  A white imp (D:9)
  An ooze (D:3)
  An adder zombie (D:8)
  2 worms
  An adder skeleton (D:7)
  3 dart slugs
  6 giant geckos
  24 orcs
  8 giant cockroaches
  4 hobgoblins
  8 jackals
  10 kobolds
  6 quokkas
  2 ball pythons
  8 bats
  A giant gecko skeleton (D:6)
  2 giant newts
  10 goblins
  2 goblin skeletons (D:9)
  5 goblin zombies (D:9)
  A hobgoblin skeleton (D:9)
  8 hobgoblin zombies (D:9)
  A jackal skeleton (D:9)
  A kobold skeleton (D:9)
  3 kobold zombies (D:9)
  2 orc skeletons (D:9)
  13 orc zombies (D:9)
  7 rats
244 creatures vanquished.

Vanquished Creatures (collateral kills)
  An ogre (D:4)
1 creature vanquished.

Vanquished Creatures (others)
  3 slaves (D:9)
  A sky beast (D:9)
4 creatures vanquished.

Grand Total: 249 creatures vanquished

Notes
Turn   | Place    | Note
--------------------------------------------------------------
     0 | D:1      | KingGeedorah the Draconian Transmuter began the quest for the Orb.
     0 | D:1      | Reached XP level 1. HP: 16/16 MP: 3/3
    79 | D:1      | Reached XP level 2. HP: 14/23 MP: 5/5
   296 | D:1      | Reached skill level 3 in Transmutations
   873 | D:1      | Learned a level 2 spell: Sticks to Snakes
   887 | D:1      | Reached XP level 3. HP: 21/28 MP: 4/6
  1086 | D:1      | Learned a level 3 spell: Spider Form
  1235 | D:2      | Reached skill level 4 in Transmutations
  1246 | D:2      | Noticed Ijyb
  1263 | D:2      | Killed Ijyb
  1263 | D:2      | Reached XP level 4. HP: 28/35 MP: 3/7
  1743 | D:2      | Noticed Jessica
  1751 | D:2      | Killed Jessica
  1751 | D:2      | Reached skill level 5 in Transmutations
  1964 | D:3      | Reached XP level 5. HP: 39/40 MP: 8/8
  2001 | D:3      | Found a faded altar to an unknown god.
  2577 | D:3      | Found a white marble altar of Elyvilon.
  2642 | D:4      | Noticed an ogre
  2655 | D:4      | Killed an ogre
  2664 | D:4      | Reached skill level 6 in Transmutations
  2824 | D:4      | Found an oddly glowing altar of Pakellas.
  2824 | D:4      | Noticed a phantom
  2900 | D:4      | Reached XP level 6. HP: 14/47 MP: 2/9
  3365 | D:4      | Reached skill level 7 in Transmutations
  3428 | D:4      | Noticed an angel
  3429 | D:4      | Found a glowing silver altar of Zin.
  3754 | D:5      | Entered Level 5 of the Dungeon
  4024 | D:4      | Your scales start taking on a fiery red colour.
  4024 | D:4      | Reached XP level 7. HP: 51/52 MP: 6/10
  4024 | D:4      | Gained mutation: Your flesh is heat resistant. [Red Draconian growth]
  4059 | D:5      | Reached skill level 8 in Transmutations
  4469 | D:4      | Learned a level 5 spell: Blade Hands
  4792 | D:5      | Found a burning altar of Makhleb.
  4837 | D:5      | Found a stormy altar of Qazlal.
  5202 | D:5      | Found a snail-covered altar of Cheibriados.
  5230 | D:5      | Reached skill level 9 in Transmutations
  5326 | D:6      | Reached XP level 8. HP: 42/59 MP: 1/12
  6054 | D:6      | Found a shadowy altar of Dithmenos.
  6245 | D:6      | Reached skill level 10 in Transmutations
  6506 | D:7      | Reached skill level 5 in Unarmed Combat
  6748 | D:7      | Found a staircase to the Ecumenical Temple.
  6786 | D:7      | Reached XP level 9. HP: 61/64 MP: 8/13
  6869 | Temple   | Entered the Ecumenical Temple
  6874 | Temple   | Became a worshipper of Sif Muna the Loreminder
  7307 | D:8      | Found a staircase to the Lair.
  7308 | D:8      | Noticed an elephant
  7655 | D:8      | Killed an elephant
  7655 | D:8      | Reached skill level 11 in Transmutations
  8218 | D:8      | Reached * piety under Sif Muna
  8518 | D:9      | Found a glowing golden altar of the Shining One.
  8754 | D:9      | Noticed Pikel
  8776 | D:9      | Killed Pikel
  8776 | D:9      | Reached skill level 12 in Transmutations
  8862 | D:9      | Reached ** piety under Sif Muna
  9075 | D:9      | Found a staircase to the Orcish Mines.
  9092 | D:9      | Reached XP level 10. HP: 42/71 MP: 3/15
  9718 | D:9      | Reached skill level 5 in Spellcasting
  9927 | D:9      | Learned a level 6 spell: Haste
 10016 | D:10     | Entered Level 10 of the Dungeon
 10028 | D:10     | Reached *** piety under Sif Muna
 10119 | D:10     | Noticed a gargoyle
 10129 | D:10     | Killed a gargoyle
 10463 | D:10     | Found Qutwog's Elemental Accessories.
 10464 | D:10     | Found Fapso's Magic Scroll Shop.
 10475 | D:10     | Bought a scroll of identify for 28 gold pieces
 10475 | D:10     | Bought 2 scrolls of identify for 56 gold pieces
 10475 | D:10     | Bought a scroll of teleportation for 42 gold pieces
 10475 | D:10     | Bought a scroll of teleportation for 42 gold pieces
 10475 | D:10     | Bought 3 scrolls of teleportation for 126 gold pieces
 10475 | D:10     | Bought a scroll of teleportation for 42 gold pieces
 10475 | D:10     | Bought a scroll of teleportation for 42 gold pieces
 10577 | D:10     | Noticed a hill giant
 10610 | D:10     | Slain by a hill giant

Skill      XL: |  1  2  3  4  5  6  7  8  9 10 |
---------------+-------------------------------+-----
Transmutations | 3 4 5 6 7 9 10 12 | 12.4
Spellcasting   | 3 6 |  6.0
Unarmed Combat | 6 7 |  7.1
Charms         | 3 |  3.4
Fighting       | |  1.1
Dodging        | |  1.7

Action                   |  1- 3 |  4- 6 |  7- 9 | 10-12 || total
-------------------------+-------+-------+-------+-------++-------
Melee: Unarmed           |   162 |   200 |   421 |   144 ||   927
       Tailslap          |     9 |    25 |    48 |    14 ||    96
       Kick              |     1 |       |       |       ||     1
       Headbutt          |     1 |       |       |       ||     1
       Punch             |       |     1 |    10 |     3 ||    14
 Cast: Beastly Appendage |     2 |       |       |       ||     2
       Spider Form       |     2 |     7 |     4 |       ||    13
       Sticks to Snakes  |       |     9 |     4 |     1 ||    14
       Blade Hands       |       |       |    35 |    15 ||    50
  Use: Scroll            |     6 |     7 |     8 |     3 ||    24
       Potion            |       |     1 |       |       ||     1
 Stab: Sleeping          |       |     2 |     1 |       ||     3
  Eat: Chunk             |     1 |    10 |    32 |     6 ||    49
       Bread ration      |       |       |       |     1 ||     1
       Pizza             |       |       |       |     1 ||     1
Armor: Skin              |    32 |    37 |   123 |    33 ||   225
Dodge: Dodged            |   108 |   139 |   252 |    63 ||   562
